 Dungeon Crawl Stone Soup version 0.23-a0-448-g1c01f63 (webtiles) character file.

40 MisterFreud the Sneak (level 3, 0/15 HPs)
             Began as a Felid Transmuter on Nov 20, 2018.
             Slain by a leopard gecko (4 damage)
             ... on level 2 of the Dungeon.
             The game lasted 00:03:53 (1598 turns).

MisterFreud the Sneak (Felid Transmuter)            Turns: 1598, Time: 00:03:53

Health: 0/15       AC:  1    Str:  6    XL:     3   Next: 30%
Magic:  6/7        EV: 18    Int: 15    God:
Gold:   37         SH:  0    Dex: 16    Spells: 0/6 levels left
                                        Lives:  0   Deaths: 0

rFire    . . .     SeeInvis +     - Unarmed
rCold    . . .     Gourm    .   (shield unavailable)
rNeg     . . .     Faith    .   (armour unavailable)
rPois    .         Spirit   .   (helmet unavailable)
rElec    .         Reflect  .   (cloak unavailable)
rCorr    .         Harm     .   (gloves unavailable)
MR       .....                  (boots unavailable)
Stlth    +++.......             (no amulet)
HPRegen  0.05/turn              (no ring)
MPRegen  0.10/turn              (no ring)

@: appendage, quick
A: very small, no armour, no weapons or thrown items, stealth, claws 1, fangs 3,
horns 2, see invisible, carnivore, speed 1, shaggy fur 1, slow metabolism 1,
sharp paws
a: End Transformation


You were on level 2 of the Dungeon.
You were completely stuffed.
You had grown temporary horns.
You visited 1 branch of the dungeon, and saw 2 of its levels.

You collected 37 gold pieces.

Inventory:

Missiles
 a - 40 arrows
Scrolls
 b - 2 scrolls of identify {unknown}
 e - a scroll of amnesia {unknown}
 f - 2 scrolls of teleportation {unknown}
 k - a scroll of fear {unknown}
 l - 2 scrolls of remove curse {unknown}
Potions
 d - a potion of degeneration {unknown}
 g - a potion of mutation {unknown}
 h - a potion of resistance {unknown}
 j - a potion of might {unknown}
Comestibles
 c - 2 rations
 i - 3 chunks of flesh


   Skills:
 - Level 1.0 Fighting
 - Level 2.6 Dodging
 + Level 4.5 Stealth
 - Level 3.0 Unarmed Combat
 - Level 2.0 Spellcasting
 - Level 2.1 Transmutations


You couldn't memorise any spells.
You knew the following spells:

 Your Spells              Type           Power        Failure   Level  Hunger
a - Beastly Appendage     Tmut           #.....       9%          1    #......
b - Sticks to Snakes      Tmut           #.......     14%         2    ###....
c - Spider Form           Tmut/Pois      #.........   38%         3    ###....

Your spell library contained the following spells:

 Spells                   Type           Power        Failure   Level  Hunger
 Ice Form                 Ice/Tmut       #.......     80%         4    #####..
 Blade Hands              Tmut           #.........   94%         5    ######.


Dungeon Overview and Level Annotations

Branches:
Dungeon (2/15)

Altars:


Innate Abilities, Weirdness & Mutations

You cannot wear armour.
You are incapable of wielding weapons or throwing items.
Your paws allow you to move quietly. (Stealth)
You have sharp claws.
You have razor-sharp teeth.
You have supernaturally acute eyesight. (SInv)
You are carnivorous and can eat meat at any time.
You cover ground quickly.
You are covered in fur. (AC +1)
You have a slow metabolism.
Your sharp claws are effective at attacking unaware monsters.
You have a pair of horns on your head.


Message History

The quokka is almost dead.
The quokka bites you.
You scratch the quokka.
You kill the quokka!
You see here a quokka corpse.
You barely miss the leopard gecko. Your headbutt misses the leopard gecko.
The leopard gecko closely misses you.
You miss the leopard gecko. Your headbutt misses the leopard gecko.
The leopard gecko barely misses you. The leopard gecko bites you.
You closely miss the leopard gecko. Your bite misses the leopard gecko.
The leopard gecko bites you.
* * * LOW HITPOINT WARNING * * *
You scratch the leopard gecko.
The leopard gecko is almost dead.
The leopard gecko closely misses you.
You scratch the leopard gecko but do no damage.
Your headbutt misses the leopard gecko.
The leopard gecko is almost dead.
The leopard gecko bites you.
You die...

#.# #...### #.
#######.#### #......##.
#..........# #..# #....
#.......... #..# ###.÷
%....... ###..# ###[#
...!. ##...####...#
#..####..#÷# #..###
#.#....##.# #.##
#@#.#####.###.#
###l[.#####.....##
#...###..........#
#†#.###..........#
#.#..##..........#
#.......##..........###
#.......##..÷.......#..
#.......##............#
#................###.##


You could see a leopard gecko.

Vanquished Creatures
  A worm (D:2)
  A dart slug (D:2)
  A leopard gecko (D:2)
  A ball python (D:1)
  3 giant cockroaches
  5 goblins
  A hobgoblin (D:1)
  3 jackals (D:1)
  A quokka (D:2)
  6 bats
  2 frilled lizards
  3 kobolds
  2 rats
30 creatures vanquished.

Notes
Turn   | Place    | Note
-------+----------+-------------------------------------------
     0 | D:1      | MisterFreud the Felid Transmuter began the quest for the
                  | Orb.
     0 | D:1      | Reached XP level 1. HP: 9/9 MP: 4/4
   258 | D:1      | Reached skill level 1 in Stealth
   347 | D:1      | Reached skill level 2 in Stealth
   361 | D:1      | Reached XP level 2. HP: 8/12 MP: 6/6
   557 | D:1      | Reached skill level 3 in Stealth
  1248 | D:2      | Noticed an ice beast
  1379 | D:1      | Learned a level 2 spell: Sticks to Snakes
  1486 | D:2      | Reached skill level 4 in Stealth
  1493 | D:2      | Reached XP level 3. HP: 12/15 MP: 5/7
  1498 | D:2      | Learned a level 3 spell: Spider Form
  1598 | D:2      | Slain by a leopard gecko

Vault maps used:
D:1:      nicolae_arrival_somewhat_less_tricky_arrival, minmay_tromino_v4_c

Skill      XL: |  1  2 |
---------------+-------+-----
Stealth        | 2 4 |  4.5
Fighting       | |  1.0
Dodging        | |  2.6
Unarmed Combat | |  3.0
Spellcasting   | |  2.0
Transmutations | |  2.1

Action                   || total
-------------------------++-------
Melee: Unarmed           ||    80
       Headbutt          ||     5
       Bite              ||     3
       Punch             ||     1
 Cast: Beastly Appendage ||    13
 Stab: Sleeping          ||    11
  Eat: Chunk             ||     9
Armor: Skin              ||     6
Dodge: Dodged            ||    67

Table legend:
 A = Non-vault XP
 B = Vault XP
 C = Vault XP percentage of total XP
 D = Non-vault monster count
 E = Vault monster count
 F = Vault count percentage of total count
                 A         B        C        D         E       F
            +---------+---------+-------+---------+---------+-------
      Total |      54 |       4 |   6.9 |      28 |       2 |   6.7
            +---------+---------+-------+---------+---------+-------
        D:1 |      26 |       4 |  13.3 |      16 |       2 |  11.1
        D:2 |      28 |       0 |   0.0 |      12 |       0 |   0.0
            +---------+---------+-------+---------+---------+-------
